 Dungeon Crawl Stone Soup version 0.27-a0-1217-g8a41f320e8 (webtiles) character file.

Game seed: 17058185029044200671

66 Wyvernaa the Skirmisher (level 4, -1/49 HPs)
             Began as an Ogre Berserker on June 6, 2021.
             Was a Believer of Trog.
             Slain by a hound (3 damage)
             ... on level 3 of the Dungeon.
             The game lasted 00:04:20 (1611 turns).

Wyvernaa the Skirmisher (Ogre Berserker)            Turns: 1611, Time: 00:04:20

Health: -1/49      AC:  3    Str: 22    XL:     4   Next: 15%
Magic:  4/4        EV: 10    Int:  8    God:    Trog [**....]
Gold:   49         SH:  0    Dex:  8    Spells: 3/3 levels left

rFire    . . .     SeeInvis +   a - +0 spear
rCold    . . .     Faith    .   (no shield)
rNeg     . . .     Spirit   .   b - +0 animal skin
rPois    .         Reflect  .   (helmet restricted)
rElec    .         Harm     .   (no cloak)
rCorr    .         Rampage  .   (gloves unavailable)
Will     .....                  (boots unavailable)
Stlth    +.........             (no amulet)
HPRegen  0.16/turn              c - ring of see invisible
MPRegen  0.09/turn              (no ring)

@: about to teleport, on berserk cooldown, slowed, very slow
A: large, unfitting armour, tough skin 1
a: Renounce Religion, Berserk, Trog's Hand


You were on level 3 of the Dungeon.
You worshipped Trog.
Trog was pleased with you.
You visited 1 branch of the dungeon, and saw 4 of its levels.

You collected 49 gold pieces.

Inventory:

Hand Weapons
 a - a +0 spear (weapon)
Armour
 b - a +0 animal skin (worn)
Jewellery
 c - a ring of see invisible (left hand)
 f - a +4 ring of evasion
Scrolls
 e - 2 scrolls of fog
 i - a scroll of vulnerability {unknown}
 j - a scroll of teleportation
Potions
 g - a potion of haste {unknown}
 k - a potion of brilliance {unknown}
 l - a potion of might {unknown}


   Skills:
 + Level 4.6 Fighting
 * Level 4.1 Polearms
 + Level 3.2 Dodging


You had 3 spell levels left.
You didn't know any spells.
Your spell library was empty.

Dungeon Overview and Level Annotations

Branches:
Dungeon (4/15)
 Temple: D:4-7

Altars:
Makhleb

Shops:
D:2 *

Annotations:
D:4 Menkaure


Innate Abilities, Weirdness & Mutations

You are too large for most types of armour.
You have tough skin. (AC +1)


Message History

Menkaure points at you and mumbles some strange words.
Pain shoots through your body! The hound bites you but does no damage.
You climb upwards.
The goblin shouts!
Found a burning altar of Makhleb.
There is a stone staircase leading down here.
You puncture the kobold!
You kill the kobold!
Trog accepts your kill. The hound bites you but does no damage.
You see here a +0 dagger.
You feel a strong urge to attack something.
You are no longer berserk.
You are exhausted.
You feel yourself slow down.
You closely miss the hound. The hound closely misses you.
The goblin hits you with a +0 dagger.
You barely miss the hound. The hound bites you. x2
The goblin hits you with a +0 dagger.
You miss the hound. The hound closely misses you.
The goblin hits you with a +0 dagger. The hound bites you.
* * * LOW HITPOINT WARNING * * *
A dart slug comes into view.
You closely miss the hound. The hound bites you.
* * * LOW HITPOINT WARNING * * *
The goblin closely misses you. The hound bites you but does no damage.
The goblin hits you with a +0 dagger.
* * * LOW HITPOINT WARNING * * *
You hit the hound but do no damage. The hound closely misses you.
The hound barely misses you. The goblin hits you with a +0 dagger.
* * * LOW HITPOINT WARNING * * *
Okay, then.
As you read the scroll of teleportation, it crumbles to dust.
You feel strangely unstable. The hound misses you. The hound bites you.
* * * LOW HITPOINT WARNING * * *
The goblin closely misses you. The hound bites you.
* * * LOW HITPOINT WARNING * * *
The goblin barely misses you. The hound bites you.
You die...

####.####### #
..........# ..
.......... ..
#.........
.##.##.........
....w._>.......
....##.)#######
# #gh# #.@#
#..# ....#
####.. ... ...#
...# ....#


You could see a hound and a goblin.

Vanquished Creatures
  An adder (D:4)
  4 worms (D:2)
  2 dart slugs (D:2)
  8 ball pythons
  6 endoplasms
  A giant cockroach (D:2)
  2 goblins
  2 hobgoblins
  3 jackals (D:2)
  2 bats
  2 frilled lizards
  5 kobolds
  5 rats
43 creatures vanquished.

Notes
Turn   | Place    | Note
-------+----------+-------------------------------------------
     0 | D:1      | Wyvernaa the Ogre Berserker began the quest for the Orb.
     0 | D:1      | Reached XP level 1. HP: 24/24 MP: 1/1
   175 | D:1      | Reached XP level 2. HP: 29/32 MP: 2/2
   397 | D:1      | Found a faded altar of an unknown god.
   886 | D:2      | Found Cengiy's Assorted Antiques.
   944 | D:2      | Reached XP level 3. HP: 33/40 MP: 3/3
  1544 | D:2      | You fall into a shaft and drop 2 floors!
  1562 | D:4      | Noticed Menkaure
  1595 | D:4      | Reached ** piety under Trog
  1596 | D:4      | Reached XP level 4. HP: 40/49 MP: 4/4
  1601 | D:3      | Found a burning altar of Makhleb.
  1610 | D:3      | HP: 2/49 [hound (3)]
  1611 | D:3      | Slain by a hound

Illustrated notes

Levels and vault maps discovered:
D:1:      amcnicky_arrival_flooded_fountain, layout_basic,
          shapermc_ecumenical_altar_hornbeckon, minmay_circled_x
D:2:      layout_loops_ring, serial_shops, nicolae_shop_overgrown_old_shop,
          serial_aquarium, aquarium_bridge_square [aquarium_subvault_bridge,
          aquarium_subvault_bridge, aquarium_subvault_window,
          aquarium_subvault_bridge], aquarium_bridge_long_joined
          [aquarium_subvault_wall, aquarium_subvault_window,
          aquarium_subvault_bridge, aquarium_subvault_bridge,
          aquarium_subvault_window, aquarium_subvault_window],
          aquarium_window_double, aquarium_window_2, aquarium_view_2g,
          aquarium_balcony_3a
D:3:      layout_basic, amcnicky_altar_gilded, overflow_temple_1_default,
          overflow_temple_1_default, kennysheep_generic_room_3, uniq_natasha,
          uniq_jessica
D:4:      layout_gridville, jmf_multi_god_temple, minmay_starry_boxes,
          uniq_robin, uniq_menkaure, uniq_duvessa, uniq_ijyb

Skill      XL: |  1  2  3 |
---------------+----------+-----
Dodging        | 3 |  3.2
Polearms       | 4 |  4.1
Fighting       | |  4.6

Action                   |  1- 3 |  4- 6 || total
-------------------------+-------+-------++-------
Melee: Spear             |   155 |     9 ||   164
Invok: Berserk           |     2 |       ||     2
  Use: Scroll            |     4 |     1 ||     5
 Stab: Sleeping          |     1 |       ||     1
Armor: Animal skin       |    24 |     4 ||    28
Dodge: Dodged            |    57 |    13 ||    70

Table legend: (Time is in decaauts)
 A = Elapsed time spent in this place.
 B = Non-inter-level travel time spent in this place.
 C = Inter-level travel time spent in this place.
 D = Time resting spent in this place.
 E = Time spent auto-exploring this place.
 F = Levels seen in this place.
 G = Mean time per level.
                   A        B        C        D        E       F      G
               +--------+--------+--------+--------+--------+-----+--------+
         Total |   1613 |   1594 |     19 |    320 |    927 |   4 |  403.2 |
       Dungeon |   1613 |   1594 |     19 |    320 |    927 |   4 |  403.2 |
               +--------+--------+--------+--------+--------+-----+--------+

Top non-repeatable levels by time:
     D:1: 870 daAuts
     D:2: 678 daAuts
     D:4: 53 daAuts
     D:3: 10 daAuts
